 Dungeon Crawl Stone Soup version 0.30-a0-12-gd8047c6341 (webtiles) character file.

Game seed: 7940150846993573584

221 Adrian566 the Chopper (level 5, -5/46 HPs)
             Began as a Hill Orc Fighter on Aug 23, 2022.
             Succumbed to Blork the orc's poison
             ... on level 4 of the Dungeon.
             The game lasted 00:02:30 (6649 turns).

Adrian566 the Chopper (Hill Orc Fighter)            Turns: 6649, Time: 00:02:30

Health: -5/46      AC:  9    Str: 21    XL:     5   Next: 98%
Magic:  5/5        EV:  9    Int:  8    God:
Gold:   181        SH:  5    Dex: 10    Spells: 4/4 levels left

rFire   . . .      SeeInvis +    a - +1 war axe (vorpal)
rCold   . . .      Faith    .    c - +1 buckler
rNeg    . . .      Spirit   .    b - +0 scale mail
rPois   .          Reflect  .    (no helmet)
rElec   .          Harm     .    e - +0 cloak
rCorr   .          Rampage  .    (no gloves)
Will    .....                    j - +0 pair of boots
Stlth   ..........               (no amulet)
HPRegen 0.15/turn                h - ring of see invisible
MPRegen 0.09/turn                (no ring)

@: lethally poisoned (-5 -> -44), about to teleport
A: no striking features
a: no special abilities


You were on level 4 of the Dungeon.
You visited 1 branch of the dungeon, and saw 4 of its levels.

You collected 181 gold pieces.

Inventory:

Hand Weapons
 a - a +1 vorpal war axe (weapon)
 f - a +3 quarterstaff of chaos
Armour
 b - a +0 scale mail (worn)
 c - a +1 buckler (worn)
 e - a +0 cloak (worn)
 j - a +0 pair of boots (worn)
Jewellery
 h - a ring of see invisible (left hand)
Scrolls
 g - a scroll of amnesia
 i - a scroll of teleportation
 l - a scroll of fog
Potions
 k - a potion of lignification


   Skills:
 + Level 4.2 Fighting
 * Level 6.4 Axes
 + Level 4.0 Armour
 + Level 0.2 Dodging
 + Level 0.2 Stealth
 + Level 3.8 Shields


You had 4 spell levels left.
You didn't know any spells.
Your spell library was empty.

Dungeon Overview and Level Annotations

Branches:
Dungeon (4/15)
 Temple: D:4-7

Altars:
Xom
Zin

Annotations:
D:4 Blork the orc


Message History

You block Blork the orc's attack.
You barely miss Blork the orc.
Blork the orc is lightly wounded.
You feel sick.
Blork the orc hits you with a +1 halberd of venom.
You are more poisoned.
Blork the orc completely misses you.
You barely miss Blork the orc.
Blork the orc is lightly wounded.
You feel very sick.
Blork the orc hits you with a +1 halberd of venom.
You are more poisoned.
You are too injured to fight recklessly!
You are too injured to fight recklessly!
You are too injured to fight recklessly!
You are too injured to fight recklessly!
You are too injured to fight recklessly!
You are too injured to fight recklessly!
You are too injured to fight recklessly!
You are too injured to fight recklessly!
You are too injured to fight recklessly!
You are too injured to fight recklessly!
You are too injured to fight recklessly!
You are too injured to fight recklessly!
You are too injured to fight recklessly!
You are too injured to fight recklessly!
You are too injured to fight recklessly!
You are too injured to fight recklessly!
Unknown command.
Okay, then.
As you read the scroll of teleportation, it crumbles to dust.
You feel strangely unstable.
You feel very sick.
Blork the orc gestures at you while chanting.
The puff of frost hits you.
Blork the orc hits you with a +1 halberd of venom!
* * * LOW HITPOINT WARNING * * *
You are more poisoned.
Unknown command.
You die...

#.# #.# #.#
#### #.# ###...
#.# #...
##'###.#
#......#
#......###
#.....@.o#
#......#.S⌠.♣
##+########._~.
.~_ ♣


You could see Blork the orc (fast) and an adder.

Vanquished Creatures
  Crazy Yiuf (D:3)
  Natasha (thrice) (D:3)
  Robin (D:3)
  4 gnolls (D:3)
  A worm (D:2)
  3 dart slugs
  7 endoplasms
  4 giant cockroaches
  11 goblins
  4 hobgoblins
  3 kobolds
  2 quokkas
  A ball python (D:1)
  7 bats
  4 frilled lizards
  9 rats
  A spectral hobgoblin (D:1)
66 creatures vanquished.

Vanquished Creatures (others)
  A goblin (D:3)
1 creature vanquished.

Grand Total: 67 creatures vanquished

Notes
Turn   | Place    | Note
-------+----------+-------------------------------------------
     0 | D:1      | Adrian566 the Hill Orc Fighter began the quest for the Orb.
     0 | D:1      | Reached XP level 1. HP: 19/19 MP: 1/1
    45 | D:1      | Found a faded altar of an unknown god.
   151 | D:1      | Reached skill level 3 in Axes
   151 | D:1      | Reached XP level 2. HP: 27/27 MP: 2/2
   710 | D:2      | Found a shimmering altar of Xom.
   720 | D:2      | Reached XP level 3. HP: 28/33 MP: 3/3
  1292 | D:2      | Reached skill level 4 in Axes
  1689 | D:3      | Found a glowing silver altar of Zin.
  1815 | D:3      | Noticed Natasha
  1815 | D:3      | Noticed Robin
  1818 | D:3      | Reached XP level 4. HP: 36/40 MP: 4/4
  1819 | D:3      | Killed Natasha
  1821 | D:3      | Noticed Natasha
  1829 | D:3      | HP: 2/40 [Natasha (8)]
  1830 | D:3      | Reached skill level 5 in Axes
  1834 | D:3      | Killed Natasha
  1834 | D:3      | Killed Robin
  1835 | D:3      | Reached XP level 5. HP: 30/46 MP: 5/5
  2152 | D:3      | Found a runed translucent door.
  2153 | D:3      | Noticed Crazy Yiuf
  2399 | D:3      | Killed Crazy Yiuf
  2400 | D:3      | Reached skill level 6 in Axes
  3246 | D:3      | Noticed Natasha
  3250 | D:3      | Killed Natasha
  6641 | D:4      | Noticed Blork the orc
  6642 | D:4      | Found a shimmering altar of Xom.
  6644 | D:4      | Found a shimmering altar of Xom.
  6649 | D:4      | Succumbed to Blork the orc's poison

Illustrated notes

Levels and vault maps discovered:
D:1:      doesnt_arrival_eight_statues, layout_rooms,
          dreamdust_ecumenical_altar_drowned_temple, serial_corexii_hall,
          corexii_hall_statues_x, corexii_hall_statues_s
D:2:      layout_basic, basic_altar
D:3:      layout_loops_ring, mainiacjoe_overflow_brackets,
          uniq_crazy_yiuf_cottage, uniq_natasha, uniq_robin
D:4:      layout_basic, mainiacjoe_overflow_surrounded_room,
          gammafunk_temple_overflow_claw, xom_redecorated,
          minmay_temple_entry_trees, uniq_blork_the_orc, uniq_edmund

Skill      XL: |  1  2  3  4  5 |
---------------+----------------+-----
Axes           | 3 4 5 6 |  6.4
Fighting       | 4 |  4.2
Armour         | 4 |  4.0
Dodging        | |  0.2
Stealth        | |  0.2
Shields        | |  3.8

Action                   |  1- 3 |  4- 6 || total
-------------------------+-------+-------++-------
Melee: War axe           |   112 |    39 ||   151
  Use: Potion            |     3 |     3 ||     6
       Scroll            |     6 |     4 ||    10
Armor: Scale mail        |    51 |    17 ||    68
Dodge: Dodged            |    43 |    20 ||    63
Block: Buckler           |    24 |    15 ||    39

Table legend: (Time is in decaauts)
 A = Elapsed time spent in this place.
 B = Non-inter-level travel time spent in this place.
 C = Inter-level travel time spent in this place.
 D = Time resting spent in this place.
 E = Time spent auto-exploring this place.
 F = Levels seen in this place.
 G = Mean time per level.
                   A        B        C        D        E       F      G
               +--------+--------+--------+--------+--------+-----+--------+
         Total |   6721 |   6629 |     92 |   4131 |   2069 |   4 | 1680.2 |
       Dungeon |   6721 |   6629 |     92 |   4131 |   2069 |   4 | 1680.2 |
               +--------+--------+--------+--------+--------+-----+--------+

Top non-repeatable levels by time:
     D:3: 5189 daAuts
     D:2: 804 daAuts
     D:1: 709 daAuts
     D:4: 18 daAuts
